 Dungeon Crawl Stone Soup version 0.31-a0-354-g827e0957a7 (webtiles) character file.

Game seed: 16853676391377677007

4 GordonOverkill the Sneak (level 1, 0/17 HPs)
             Began as a Vampire Delver on July 24, 2023.
             Killed from afar by an orc wizard (8 damage)
             ... with a puff of flame
             ... on level 6 of the Dungeon.
             The game lasted 00:01:33 (278 turns).

GordonOverkill the Sneak (Vampire Delver)            Turns: 278, Time: 00:01:34

Health: 0/17       AC:  3    Str: 11    XL:     1   Next: 50%
Magic:  1/1        EV: 12    Int: 12    God:
Gold:   0          SH:  0    Dex: 15    Spells: 0/0 levels left

rFire   . . .        a - +0 short sword
rCold   . . .        (no shield)
rNeg    . . .        b - +0 leather armour
rPois   .            (no helmet)
rElec   .            (no cloak)
rCorr   .            (no gloves)
SInv    +            (no boots)
Will    .....        (no amulet)
Stlth   +++          (no ring)
HPRegen 0.42/turn    (no ring)
MPRegen 0.07/turn

%: no passive effects
@: healing quickly
A: alive, fangs 3, see invisible, vampiric 1
a: Exsanguinate


You were on level 6 of the Dungeon.
You visited 1 branch of the dungeon, and saw 2 of its levels.

Inventory:

Hand Weapons
 a - a +0 short sword (weapon)
Armour
 b - a +0 leather armour (worn)
Wands
 g - a wand of digging (3)
Scrolls
 c - a scroll of fog
 d - a scroll of revelation
 e - a scroll of fear


   Skills:
 + Level 2.7 Fighting
 + Level 2.3 Short Blades
 + Level 2.3 Dodging
 + Level 7.3 Stealth


You couldn't memorise any spells.
You didn't know any spells.
Your spell library was empty.

Dungeon Overview and Level Annotations

Branches:
Dungeon (6/15)             Temple (0/1) D:6

Altars:


Innate Abilities, Weirdness & Mutations

Your natural rate of healing is accelerated.
You have razor-sharp teeth.
You have supernaturally acute eyesight. (SInv)
You are afflicted with vampirism.


Message History

You hit the orc.
The orc is severely wounded.
The orc barely misses you.
You hit the orc. You bite the orc.
You kill the orc!
You hit the orc.
The orc is lightly wounded.
You hit the orc wizard but do no damage.
You barely miss the orc wizard. The orc wizard barely misses you.
You hit the orc wizard. Your bite misses the orc wizard.
The orc wizard is lightly wounded.
You hit the orc wizard.
The orc wizard is lightly wounded.
The orc wizard barely misses you.
You closely miss the orc wizard.
The orc wizard is lightly wounded.
The orc wizard points at you and mumbles some strange words.
You resist with significant effort.
You hit the orc wizard but do no damage.
The orc wizard is lightly wounded.
The orc wizard casts a spell at you. The puff of flame hits you.
* * * LOW HITPOINT WARNING * * *
You hit the orc wizard.
The orc wizard is moderately wounded.
The orc wizard hits you with a +0 dagger.
* * * LOW HITPOINT WARNING * * *
You hit the orc wizard.
The orc wizard is moderately wounded.
The orc wizard points at you and mumbles some strange words.
You resist with significant effort.
You hit the orc wizard but do no damage.
The orc wizard is moderately wounded.
The orc wizard gestures at you while chanting.
The puff of flame misses you.
You closely miss the orc wizard. You bite the orc wizard.
The orc wizard is heavily wounded.
The orc wizard casts a spell at you. The puff of flame hits you!
You die...

### #.#.# #.#$#
#.#.# #.#.#
#.#.# #@#.#
#########o#.#
.........o..##.#
....#..#......#
#...........##.#
..#...##..#.# #
...#.# .#.#.# #.
#. ..#.#.# . .
..#....#


You could see an orc wizard and an orc.

Vanquished Creatures
  2 orcs
2 creatures vanquished.

Notes
Turn   | Place    | Note
-------+----------+-------------------------------------------
     0 | D:5      | GordonOverkill the Vampire Delver began the quest for the
                  | Orb.
     0 | D:5      | Reached XP level 1. HP: 17/17 MP: 1/1
    94 | D:6      | Found a staircase to the Ecumenical Temple.
    94 | D:6      | Noticed an orc wizard
   101 | D:6      | Noticed an orc wizard
   278 | D:6      | Killed from afar by an orc wizard

Illustrated notes

Levels and vault maps discovered:
D:5:      layout_basic, minmay_misc_feat_more_columns
D:6:      layout_loops_ring, mainiacjoe_overflow_six_doors_small,
          minmay_temple_entry_mini_moons, st_stairs_8, uniq_edmund,
          uniq_crazy_yiuf_cottage, uniq_pikel

Action                     || total
---------------------------++-------
  Melee: Short sword       ||    23
         Bite              ||     2
    Use: Potion            ||     1
 Armour: Leather armour    ||     2
  Dodge: Dodged            ||    16

Table legend: (Time is in decaauts)
 A = Elapsed time spent in this place.
 B = Non-inter-level travel time spent in this place.
 C = Inter-level travel time spent in this place.
 D = Time resting spent in this place.
 E = Time spent auto-exploring this place.
 F = Levels seen in this place.
 G = Mean time per level.
                   A        B        C        D        E       F      G
               +--------+--------+--------+--------+--------+-----+--------+
         Total |    256 |    256 |      0 |     14 |      0 |   2 |  128.0 |
       Dungeon |    256 |    256 |      0 |     14 |      0 |   2 |  128.0 |
               +--------+--------+--------+--------+--------+-----+--------+

Top non-repeatable levels by time:
     D:5: 223 daAuts
     D:6: 32 daAuts
